 Dungeon Crawl Stone Soup version 0.32-a0-886-g41c5271027 (webtiles) character file.

Game seed: 9325204393491672082

37 pokeman the Magician (level 3, -4/20 HPs)
             Began as a Deep Elf Hedge Wizard on Apr 2, 2024.
             Constricted to death by an anaconda skeleton (5 damage)
             ... on level 1 of the Abyss.
             The game lasted 00:02:00 (1632 turns).

pokeman the Magician (Deep Elf Hedge Wizard)        Turns: 1632, Time: 00:02:00

Health: -4/20      AC:  2    Str:  7    XL:     3   Next: 21%
Magic:  6/11       EV:  1    Int: 20    God:
Gold:   35         SH:  0    Dex: 14    Spells: 4/12 levels left

rFire   . . .        j - +0 war axe
rCold   . . .        (no shield)
rNeg    . . .        b - +0 robe
rPois   .            c - +0 hat
rElec   .            (no cloak)
rCorr   .            (no gloves)
SInv    .            (no boots)
Will    .....        (no amulet)
Stlth   ++           (no ring)
HPRegen 0.23/turn    (no ring)
MPRegen 0.12/turn

%: no passive effects
@: on blink cooldown, constricted
A: no striking features
a: no special abilities


You were on level 1 of the Abyss.
You visited 1 branch of the dungeon, and saw 2 of its levels.
You visited the Abyss 1 time.

You collected 35 gold pieces.

Inventory:

Hand Weapons
 j - a +0 war axe (weapon)
Missiles
 e - a throwing net
Armour
 b - a +0 robe (worn)
 c - a +0 hat (worn)
Scrolls
 a - a scroll of revelation {unknown}
 f - 2 scrolls of amnesia {unknown}
 h - a scroll of fog {unknown}
 i - a scroll of blinking {unknown}
 k - a scroll of identify {unknown}
 m - a scroll of acquirement {unknown}
Potions
 d - a potion of magic
 g - a potion of attraction {unknown}
 l - a potion of degeneration {unknown}


   Skills:
 + Level 0.9 Fighting
 + Level 0.8 Armour
 - Level 2.4 Dodging
 - Level 2.4 Stealth
 * Level 5.1 Spellcasting
 + Level 1.7 Conjurations
 - Level 1.1 Summonings
 - Level 1.1 Translocations


You had 4 spell levels left.
You knew the following spells:

 Your Spells              Type           Power      Damage    Failure   Level
a - Magic Dart            Conj           48%        1d5       5%          1
b - Mephitic Cloud        Conj/Alch/Air  7%         N/A       26%         3
c - Call Imp              Summ           18%        N/A       11%         2
d - Blink                 Tloc           18%        N/A       11%         2

Your spell library contained the following spells:

 Spells                   Type           Power      Damage    Failure   Level
 Slow                     Hex            20%        N/A       12%         1
 Cigotuvi's Dreadful Rot  Necr/Alch/Air  10%        N/A       17%         2


Dungeon Overview and Level Annotations

Branches:
Dungeon (2/15)

Altars:
Hepliaklqana

Annotations:
D:2 Jessica


Message History

The ribbon worm appears confused.
Jessica is engulfed in noxious fumes.
Jessica appears confused.
Unknown command.
Jessica is engulfed in noxious fumes.
Jessica appears confused.
You hit the ribbon worm.
The ribbon worm is heavily wounded.
The ribbon worm bites you.
Jessica is engulfed in noxious fumes.
Jessica appears confused.
The ribbon worm closely misses you.
You hit the ribbon worm.
The ribbon worm is severely wounded.
Jessica is engulfed in noxious fumes.
Jessica appears confused.
The ribbon worm bites you but does no damage.
The ribbon worm bites itself.
You hit the ribbon worm but do no damage.
The ribbon worm is almost dead.
You slash the ribbon worm!
You kill the ribbon worm!
Jessica chortles and stares into space.
You slash Jessica!
Jessica is almost dead.
Jessica hits you with a +2 dagger of distortion.
You are cast into the Abyss!
This branch contains the abyssal rune of Zot.
Found a corrupted altar of Lugonu.
Unknown command.
A spatial vortex comes into view.
Casting: Mephitic Cloud (extremely dangerous; 26% risk of failure)
Confirm with . or Enter, or press ? or * to list all spells.
You blink.
An anaconda skeleton comes into view.
The anaconda skeleton grabs you.
The anaconda skeleton bites you but does no damage.
The anaconda skeleton constricts you.
You escape the anaconda skeleton's grasp.
The anaconda skeleton attacks as it pursues you!
The anaconda skeleton grabs you. The anaconda skeleton bites you!
Ouch! That really hurt!
* * * LOW HITPOINT WARNING * * *
The anaconda skeleton constricts you.
You die...

..#
##................
....
#....#....##..##..#
...# #..###...##.v#
##.. #...#...........
# .....#....v....
......#
#..#........##..##..#
#........... #..# ..#
#..#Z..#......... .
.... #@.###........ #
#.# #...# ...##..#
.........#
............
###..........
#...#.... #..###...
#... ...


You could see a spatial maelstrom and an anaconda skeleton.

Vanquished Creatures
  A dart slug (D:2)
  A ribbon worm (D:2)
  2 endoplasms (D:2)
  A giant cockroach (D:2)
  3 goblins (D:1)
  3 hobgoblins
  4 jackals
  4 kobolds
  3 quokkas (D:1)
  3 ball pythons
  A frilled lizard (D:1)
  3 rats (D:1)
29 creatures vanquished.

Notes
Turn   | Place    | Note
-------+----------+-------------------------------------------
     0 | D:1      | pokeman the Deep Elf Hedge Wizard began the quest for the
                  | Orb.
     0 | D:1      | Reached XP level 1. HP: 10/10 MP: 7/7
   488 | D:1      | Reached XP level 2. HP: 12/16 MP: 3/9
  1272 | D:2      | Reached skill level 5 in Spellcasting
  1308 | D:2      | Found a hazy altar of Hepliaklqana.
  1409 | D:2      | Reached XP level 3. HP: 20/20 MP: 4/11
  1413 | D:2      | Learned a level 3 spell: Mephitic Cloud
  1416 | D:2      | Learned a level 2 spell: Call Imp
  1419 | D:2      | Learned a level 2 spell: Blink
  1588 | D:2      | Noticed Jessica
  1599 | Abyss:1  | Found a corrupted altar of Lugonu.
  1599 | Abyss:1  | Cast into level 1 of the Abyss (Jessica)
  1625 | Abyss:1  | Noticed a spatial maelstrom
  1628 | Abyss:1  | Noticed a spatial vortex
  1628 | Abyss:1  | Noticed an anaconda skeleton
  1632 | Abyss:1  | HP: 1/20 [anaconda skeleton (11)]
  1632 | Abyss:1  | Constricted to death by an anaconda skeleton

Illustrated notes

Levels and vault maps discovered:
D:1:      dpeg_arrival_more_subterranean_lakeside_camping, layout_basic,
          columned_hall_lemuel
D:2:      layout_basic, chequers_ecumenical_altar_simple_redux, basic_altar,
          uniq_jessica, uniq_robin
Abyss:1:  base: D:1, spicy_abyss_helpful_harpoons, evilmike_abyss_exit_plants

Skill      XL: |  1  2 |
---------------+-------+-----
Spellcasting   | 5 |  5.1
Fighting       | |  0.9
Armour         | |  0.8
Dodging        | |  2.4
Stealth        | |  2.4
Conjurations   | |  1.7
Summonings     | |  1.1
Translocations | |  1.1

Action                     || total
---------------------------++-------
  Melee: War axe           ||    12
   Cast: Magic Dart        ||    79
         Mephitic Cloud    ||     2
         Blink             ||     1
   Stab: Sleeping          ||     1
         Confused          ||     2
 Armour: Robe              ||    11
  Dodge: Dodged            ||    14

Table legend: (Time is in decaauts)
 A = Elapsed time spent in this place.
 B = Non-inter-level travel time spent in this place.
 C = Inter-level travel time spent in this place.
 D = Time resting spent in this place.
 E = Time spent auto-exploring this place.
 F = Levels seen in this place.
 G = Mean time per level.
                   A        B        C        D        E       F      G
               +--------+--------+--------+--------+--------+-----+--------+
         Total |   1638 |   1598 |     40 |      0 |   1392 |   3 |  546.0 |
       Dungeon |   1605 |   1565 |     40 |      0 |   1392 |   2 |  802.5 |
         Abyss |     33 |     33 |      0 |      0 |      0 |   1 |   33.0 |
               +--------+--------+--------+--------+--------+-----+--------+

Top non-repeatable levels by time:
     D:1: 1228 daAuts
     D:2: 377 daAuts
 Abyss:1: 33 daAuts
